AoeStats
← gbbautista287

Hideout

509950540Analyzed
1v1 RM · 3d ago on Sep 28, 2026· 44m 28s· 2 players
Game mode
Random Map
Map size
Tiny (2 player)
Population
200
Speed
Normal
Resources
Standard
Victory
Conquest
Starting age
Dark Age
Ending age
Imperial Age
RankedLock teamsTeams togetherTeam positionsShared explorationLock speedFull tech treeHidden civsTurbo modeCheats
Victory
Defeat
🇦🇷 Persians · Argentina
611
+14
🇨🇱 Khmer · Chile
575
-14
josemanumv24
14:18 Feudal Age
15:40 Wheelbarrow
14:53 Double-Bit Axe
14:52 Horse Collar
20:00 Castle Age
18:17 Stone Mining
18:28 Gold Mining
21:00 Hand Cart
20:42 Pikeman
21:29 Scale Mail Armor
22:26 Forging
24:14 Stone Shaft Mining
24:38 Chain Mail Armor
24:51 Heavy Plow
26:44 Bow Saw
30:20 Loom
34:31 Iron Casting
34:29 Tusk Swords
34:00 Light Cavalry
34:41 Husbandry
35:37 Ballistics
37:01 Gold Shaft Mining
36:37 Scale Barding Armor
36:54 Bloodlines
40:25 Imperial Age
41:13 Double Crossbow
42:25 Chemistry
41:32 Siege Engineers
41:59 Heavy Scorpion
42:11 Elite Ballista Elephant
gbbautista287
10:26 Feudal Age
9:42 Loom
10:42 Horse Collar
10:51 Double-Bit Axe
12:39 Wheelbarrow
17:24 Castle Age
18:04 Bow Saw
18:29 Heavy Plow
18:23 Town Watch
18:41 Gold Mining
19:27 Pikeman
20:12 Scale Mail Armor
20:59 Scale Barding Armor
22:18 Squires
24:00 Stone Mining
25:40 Gold Shaft Mining
25:47 Bloodlines
26:11 Forging
27:06 Parthian Tactics
27:50 Husbandry
29:43 Thumb Ring
30:30 Fletching
31:01 Chain Barding Armor
31:17 Iron Casting
32:31 Hand Cart
32:58 Thumb Ring
32:58 Bodkin Arrow
35:14 Ballistics
38:31 Imperial Age
36:50 Chain Mail Armor
36:36 Padded Archer Armor
41:02 Cavalier
42:08 Heavy Cavalry Archer
43:24 Savar
45:11 Two-Man Saw
Connection lost

Rejoining the realm…

Still unreachable

The connection could not be restored.

Session expired

The server has moved on; the page needs a fresh start.